Texas Stars vs Binghampton Senators

Created - 31 janvier 2020 at 19:03

Goals
1 2 3 T
Texas Stars 0 1 0 1
Binghampton Senators 0 4 0 4
Shots
1 2 3 T
Texas Stars 2 11 15 28
Binghampton Senators 12 26 11 49

1st period

No Goal

Penalties :
Luke Johnson (STA) for Holding (Minor) at 12:50

2nd period

1. Binghampton Senators , Anthony Greco 37 (Jack Roslovic 55, Lane Pederson 61) at 2:12 (PP)
2. Binghampton Senators , Lane Pederson 26 (Jack Roslovic 56) at 2:50 (PP)
3. Texas Stars , Phil Varone 17 (Cal Foote 30, Laurent Dauphin 19) at 3:42
4. Binghampton Senators , Anthony Greco 38 (Lane Pederson 62, Roland McKeown 15) at 13:39
5. Binghampton Senators , Jack Roslovic 50 (Roland McKeown 16, Ryan Graves 29) at 19:55

Penalties :
Alan Quine (STA) for Tripping (Minor) at 2:05, Francois Beauchemin (STA) for Tripping (Minor) at 2:35

3rd period

No Goal

Penalties :
Roland McKeown (SEN) for Hooking (Minor) at 1:27

Goalie Stats

Malcolm Subban (STA), 45 saves from 49 shots - (0,918), L, 17-12-3, 60:00 minutes
Kaapo Kahkonen (SEN), 27 saves from 28 shots - (0,964), W, 24-13-3, 60:00 minutes

Players Stats for Texas Stars

Player Name              G  A  P  +/- PIM S  H  SB GA TA FO     MP     PP MP  PK MP  
------------------------------------------------------------------------------------
Alan Quine               0  0  0  -1  2   2  3  0  1  2  9/31   22:39   0:58   1:05 
Brad Hunt                0  0  0   0  0   0  0  0  0  1  0/0    13:06   0:00   0:00 
Cal Foote                0  1  1   0  0   2  2  1  0  0  0/0    27:21   0:58   1:09 
Cale Fleury              0  0  0  -1  0   2  2  2  0  1  0/0    19:33   1:01   1:12 
Colin Blackwell          0  0  0  -1  0   1  1  2  0  1  0/1    20:02   1:01   1:19 
Connor Brickley          0  0  0  -1  0   3  2  0  0  1  2/5    19:19   0:58   0:39 
Francois Beauchemin      0  0  0  -1  2   1  1  5  0  1  0/0    19:32   1:01   1:12 
Glenn Gawdin             0  0  0   0  0   0  3  1  0  0  5/10   13:10   0:10   0:15 
Josh Currie              0  0  0   0  0   5  1  0  2  2  0/1    18:35   0:51   0:00 
Joshua Jacobs            0  0  0   0  0   0  0  0  1  0  0/0    13:06   0:00   0:00 
Laurent Dauphin          0  1  1   0  0   2  0  2  0  0  1/1    12:17   0:00   0:00 
Luke Johnson             0  0  0   0  2   3  0  1  1  0  6/13   18:39   0:51   0:00 
Luke Witkowski           0  0  0   0  0   2  2  0  0  1  0/1    19:03   0:51   0:23 
Michael Dal Colle        0  0  0   0  0   2  0  0  1  0  0/0     7:40   0:00   0:00 
Phil Varone              1  0  1   0  0   3  0  0  0  1  0/2    14:31   0:04   1:01 
Ryan Murphy              0  0  0   0  0   0  0  1  0  3  0/0    27:21   0:58   1:09 
Spencer Smallman         0  0  0   0  0   0  0  0  0  0  3/4     4:02   0:13   0:00 
Tobias Lindberg          0  0  0   0  0   0  2  0  0  0  0/0     7:40   0:00   0:00 

Players Stats for Binghampton Senators

Player Name              G  A  P  +/- PIM S  H  SB GA TA FO     MP     PP MP  PK MP  
------------------------------------------------------------------------------------
Anthony Greco            2  0  2   2  0   11 4  0  0  1  3/6    24:33   1:27   1:00 
Brandon Gignac           0  0  0   0  0   1  1  0  1  0  1/3     7:49   0:00   0:39 
Eric Robinson            0  0  0  -1  0   1  2  1  0  0  0/0    18:59   0:52   0:00 
Gabriel Fontaine         0  0  0   0  0   6  1  0  0  0  4/5    13:11   0:02   0:00 
Jack Roslovic            1  2  3   2  0   7  1  1  4  0  0/1    18:58   1:24   0:20 
Jake Bischoff            0  0  0  -1  0   1  1  1  0  1  0/0    19:17   0:45   0:23 
Jansen Harkins           0  0  0   0  0   0  0  0  0  0  0/0     2:49   0:13   0:00 
Jens Looke               0  0  0   0  0   1  1  0  2  0  0/0    13:05   0:00   0:00 
Jonah Gadjovich          0  0  0   0  0   0  3  0  0  0  1/1     7:10   0:00   0:00 
Jordan Schmaltz          0  0  0   0  0   1  1  0  0  0  0/0    13:22   0:00   0:37 
Justin Kirkland          0  0  0   0  0   1  1  0  1  0  0/0    13:05   0:00   0:00 
Lane Pederson            1  2  3   2  0   5  3  0  1  0  27/37  19:37   1:21   1:00 
Lukas Radil              0  0  0  -1  0   2  2  1  1  0  1/1    19:22   0:52   0:39 
Roland McKeown           0  2  2   2  2   3  1  0  0  3  0/0    26:23   1:36   0:00 
Ryan Graves              0  1  1   2  0   3  1  3  1  1  0/0    27:21   1:36   0:59 
Trevor Carrick           0  0  0  -1  0   2  1  1  1  0  0/0    19:42   0:45   0:48 
Vinni Lettieri           0  0  0  -1  0   4  2  0  1  0  6/15   19:21   0:52   0:20 
Wiley Sherman            0  0  0   0  0   0  3  0  1  0  0/0    13:56   0:00   1:11 

3 Stars

1 - Anthony Greco (SEN)
2 - Lane Pederson (SEN)
3 - Jack Roslovic (SEN)

Power Play

Texas Stars - 0 on 1 Attempt(s) - 0,00%
Binghampton Senators - 2 on 3 Attempt(s) - 66,67%

Penalty Kill

Texas Stars - 1 on 3 Attempt(s) - 33,33% - Score 0 goal in Penalty Kill
Binghampton Senators - 1 on 1 Attempt(s) - 100,00% - Score 0 goal in Penalty Kill

Team Stat

Texas Stars - Hits : 19 - Faceoff Wins : 26 - Blocked Shots : 15 - Penalty Minutes : 6
Binghampton Senators - Hits : 29 - Faceoff Wins : 43 - Blocked Shots : 8 - Penalty Minutes : 2

Official

Referees : Kevin Pollock and Gord Dwyer
Linesman : Andy McElman and Derek Nansen

Game Notes

Alan Quine is injured at 15:14 of 3rd period (Sore Right Knee)

Finance

Level 1 -- Attendance: 1590 (79,50%) -- Ticket Income 55 650 $
Level 2 -- Attendance: 762 (76,20%) -- Ticket Income 11 430 $
Total Attendance: 2352 (78,40%)
Total Ticket Income: 67 080 $
Other Income: 32 869 $
Total Income: 99 949 $

Texas Stars

5 vs 5 Forward 
   Center                   Left Wing                Right Wing               Time % Phy DF OF 
 1 Alan Quine               Colin Blackwell          Connor Brickley          40     1   2  2  
 2 Luke Johnson             Luke Witkowski           Josh Currie              30     1   2  2  
 3 Glenn Gawdin             Phil Varone              Laurent Dauphin          20     1   2  2  
 4 Alan Quine               Michael Dal Colle        Tobias Lindberg          10     1   2  2  

5 vs 5 Defense 
   Defense                  Defense                                           Time % Phy DF OF 
 1 Ryan Murphy              Cal Foote                                         40     1   2  2  
 2 Francois Beauchemin      Cale Fleury                                       30     1   2  2  
 3 Brad Hunt                Joshua Jacobs                                     20     1   2  2  
 4 Ryan Murphy              Cal Foote                                         10     1   2  2  

PowerPlay Forward 
   Center                   Left Wing                Right Wing               Time % Phy DF OF 
 1 Alan Quine               Colin Blackwell          Connor Brickley          60     1   2  2  
 2 Luke Johnson             Luke Witkowski           Josh Currie              40     1   2  2  

PowerPlay Defense
   Defense                  Defense                                           Time % Phy DF OF 
 1 Ryan Murphy              Cal Foote                                         60     1   2  2  
 2 Francois Beauchemin      Cale Fleury                                       40     1   2  2  

Penalty Kill 4 Players Forward 
   Center                   Wing                     Time % Phy DF OF 
 1 Alan Quine               Colin Blackwell          60     1   2  2  
 2 Luke Johnson             Connor Brickley          40     1   2  2  

Penalty Kill 4 Players Defense
   Defense                  Defense                  Time % Phy DF OF 
 1 Ryan Murphy              Cal Foote                60     1   2  2  
 2 Francois Beauchemin      Cale Fleury              40     1   2  2  

Penalty Kill - 3 Players Forward 
   Forward                                           Time % Phy DF OF 
 1 Alan Quine                                        60     1   2  2  
 2 Colin Blackwell                                   40     1   2  2  

Penalty Kill - 3 Players Defense
   Defense                  Defense                  Time % Phy DF OF 
 1 Ryan Murphy              Cal Foote                60     1   2  2  
 2 Francois Beauchemin      Cale Fleury              40     1   2  2  

4 vs 4 Forward 
   Center                   Wing                     Time % Phy DF OF 
 1 Alan Quine               Colin Blackwell          60     1   2  2  
 2 Luke Johnson             Connor Brickley          40     1   2  2  

4 vs 4 Defense
   Defense                  Defense                  Time % Phy DF OF 
 1 Ryan Murphy              Cal Foote                60     1   2  2  
 2 Francois Beauchemin      Cale Fleury              40     1   2  2  

Last Minutes Offensive
   Center                   Left Wing                Right Wing               Defense                  Defense                  
   Alan Quine               Colin Blackwell          Connor Brickley          Ryan Murphy              Cal Foote                

Last Minutes Defensive
   Center                   Left Wing                Right Wing               Defense                  Defense                  
   Alan Quine               Colin Blackwell          Connor Brickley          Ryan Murphy              Cal Foote                

Goaltenders
Starting : Malcolm Subban           
Backup : Nick Schneider           

Extra Forwards
Normal : Spencer Smallman, Glenn Gawdin, Phil Varone - PP : Spencer Smallman, Glenn Gawdin - PK : Phil Varone
Extra Defensemen
Normal : Brad Hunt, Joshua Jacobs, Luke Witkowski - PP : Brad Hunt - PK : Joshua Jacobs, Luke Witkowski
Penalty Shots
Ryan Murphy, Alan Quine, Colin Blackwell, Luke Johnson, Connor Brickley

Scratches
Danick Martel (Healthy), Joseph Cramarossa (Healthy), Alex Breton (Healthy), Ty Dellandrea (Healthy), Dustin Tokarski (Healthy)
Richard Bachman (Healthy), Martin Ouellette (Healthy)

Binghampton Senators

5 vs 5 Forward 
   Center                   Left Wing                Right Wing               Time % Phy DF OF 
 1 Lane Pederson            Anthony Greco            Jack Roslovic            40     1   2  2  
 2 Vinni Lettieri           Lukas Radil              Eric Robinson            30     1   2  2  
 3 Gabriel Fontaine         Justin Kirkland          Jens Looke               20     1   2  2  
 4 Brandon Gignac           Jonah Gadjovich          Anthony Greco            10     1   2  2  

5 vs 5 Defense 
   Defense                  Defense                                           Time % Phy DF OF 
 1 Ryan Graves              Roland McKeown                                    40     1   2  2  
 2 Trevor Carrick           Jake Bischoff                                     30     1   2  2  
 3 Jordan Schmaltz          Wiley Sherman                                     20     1   2  2  
 4 Ryan Graves              Roland McKeown                                    10     1   2  2  

PowerPlay Forward 
   Center                   Left Wing                Right Wing               Time % Phy DF OF 
 1 Lane Pederson            Anthony Greco            Jack Roslovic            60     1   2  2  
 2 Vinni Lettieri           Lukas Radil              Eric Robinson            40     1   2  2  

PowerPlay Defense
   Defense                  Defense                                           Time % Phy DF OF 
 1 Ryan Graves              Roland McKeown                                    60     1   2  2  
 2 Trevor Carrick           Jake Bischoff                                     40     1   2  2  

Penalty Kill 4 Players Forward 
   Center                   Wing                     Time % Phy DF OF 
 1 Anthony Greco            Lane Pederson            60     1   2  2  
 2 Jack Roslovic            Vinni Lettieri           40     1   2  2  

Penalty Kill 4 Players Defense
   Defense                  Defense                  Time % Phy DF OF 
 1 Ryan Graves              Roland McKeown           60     1   2  2  
 2 Trevor Carrick           Jake Bischoff            40     1   2  2  

Penalty Kill - 3 Players Forward 
   Forward                                           Time % Phy DF OF 
 1 Anthony Greco                                     60     1   2  2  
 2 Lane Pederson                                     40     1   2  2  

Penalty Kill - 3 Players Defense
   Defense                  Defense                  Time % Phy DF OF 
 1 Ryan Graves              Roland McKeown           60     1   2  2  
 2 Trevor Carrick           Jake Bischoff            40     1   2  2  

4 vs 4 Forward 
   Center                   Wing                     Time % Phy DF OF 
 1 Anthony Greco            Lane Pederson            60     1   2  2  
 2 Jack Roslovic            Vinni Lettieri           40     1   2  2  

4 vs 4 Defense
   Defense                  Defense                  Time % Phy DF OF 
 1 Ryan Graves              Roland McKeown           60     1   2  2  
 2 Trevor Carrick           Jake Bischoff            40     1   2  2  

Last Minutes Offensive
   Center                   Left Wing                Right Wing               Defense                  Defense                  
   Lane Pederson            Anthony Greco            Jack Roslovic            Ryan Graves              Roland McKeown           

Last Minutes Defensive
   Center                   Left Wing                Right Wing               Defense                  Defense                  
   Lane Pederson            Anthony Greco            Jack Roslovic            Ryan Graves              Roland McKeown           

Goaltenders
Starting : Kaapo Kahkonen           
Backup : Jon Gillies              

Extra Forwards
Normal : Jansen Harkins, Gabriel Fontaine, Brandon Gignac - PP : Jansen Harkins, Gabriel Fontaine - PK : Brandon Gignac
Extra Defensemen
Normal : Jordan Schmaltz, Wiley Sherman, Trevor Carrick - PP : Jordan Schmaltz - PK : Wiley Sherman, Trevor Carrick
Penalty Shots
Anthony Greco, Lane Pederson, Jack Roslovic, Vinni Lettieri, Gabriel Fontaine

Scratches
Mark Friedman (Healthy), Jesse Graham (Healthy), Beck Malenstyn (Healthy), Tyler Vesel (Healthy), Matteo Gennaro (Healthy)
Cam Darcy (Healthy), Jonne Tammela (Healthy), Joseph Cecconi (Healthy), Ivan Kulbakov (Healthy)

% Time on Ice - Texas Stars

Lines # - Real PCT - Wanted PCT - Time Play
Normal Forward
1 - 32% - 40% - 17:59
2 - 32% - 30% - 17:44
3 - 22% - 20% - 12:17
4 - 14% - 10% - 7:40
Normal Defense
1 - 38% - 40% - 21:16
2 - 31% - 30% - 17:20
3 - 24% - 20% - 13:06
4 - 7% - 10% - 3:58
PP Forward
1 - 57% - 60% - 1:08
2 - 43% - 40% - 0:51
PP Defense
1 - 49% - 60% - 0:58
2 - 51% - 40% - 1:01
PK Forward
1 - 72% - 60% - 1:42
2 - 28% - 40% - 0:39
PK Defense
1 - 49% - 60% - 1:09
2 - 51% - 40% - 1:12
PK3 Forward
1 - 0% - 60%
2 - 0% - 40%
PK3 Defense
1 - 0% - 60%
2 - 0% - 40%
44 Forward
1 - 0% - 60%
2 - 0% - 40%
44 Defense
1 - 0% - 60%
2 - 0% - 40%
Last Minute Offensive  - 0:00
Last Minute Defensive  - 0:00
Total
Forward - 60:00
Defense - 60:00

% Time on Ice - Binghampton Senators

Lines # - Real PCT - Wanted PCT - Time Play
Normal Forward
1 - 31% - 40% - 17:16
2 - 33% - 30% - 18:09
3 - 24% - 20% - 13:05
4 - 13% - 10% - 7:10
Normal Defense
1 - 38% - 40% - 20:57
2 - 33% - 30% - 18:09
3 - 23% - 20% - 12:43
4 - 7% - 10% - 3:51
PP Forward
1 - 63% - 60% - 1:29
2 - 37% - 40% - 0:52
PP Defense
1 - 68% - 60% - 1:36
2 - 32% - 40% - 0:45
PK Forward
1 - 83% - 60% - 1:39
2 - 17% - 40% - 0:20
PK Defense
1 - 81% - 60% - 1:36
2 - 19% - 40% - 0:23
PK3 Forward
1 - 0% - 60%
2 - 0% - 40%
PK3 Defense
1 - 0% - 60%
2 - 0% - 40%
44 Forward
1 - 0% - 60%
2 - 0% - 40%
44 Defense
1 - 0% - 60%
2 - 0% - 40%
Last Minute Offensive  - 0:00
Last Minute Defensive  - 0:00
Total
Forward - 60:00
Defense - 60:00

Play-by-Play

1st period


0:01 of 1st period - Alan Quine wins face-off versus Lane Pederson in neutral zone.
1:43 of 1st period - Wrist shot by Laurent Dauphin.
1:43 of 1st period - Shot Misses the Net.
1:52 of 1st period - Off-side.
1:53 of 1st period - Alan Quine wins face-off versus Lane Pederson in neutral zone.
2:14 of 1st period - Slapshot by Vinni Lettieri.
2:14 of 1st period - Shot Misses the Net.
2:16 of 1st period - Slapshot by Ryan Graves.
2:16 of 1st period - Shot Blocked by Francois Beauchemin.
2:18 of 1st period - Slapshot by Ryan Graves.
2:18 of 1st period - Deflect By Lukas Radil.
2:18 of 1st period - Shot Blocked by Francois Beauchemin.
2:18 of 1st period - Puck is out of play.
2:19 of 1st period - Luke Johnson wins face-off versus Vinni Lettieri in Texas Stars zone.
2:19 of 1st period - Luke Johnson is hit by Vinni Lettieri.
2:47 of 1st period - Ryan Murphy is hit by Anthony Greco and loses puck.
3:32 of 1st period - Vinni Lettieri is hit by Tobias Lindberg and loses puck.
4:30 of 1st period - Ryan Murphy is hit by Jonah Gadjovich and loses puck.
5:06 of 1st period - Snap shot by Lane Pederson.
5:06 of 1st period - Stopped by Malcolm Subban without a rebound.
5:07 of 1st period - Lane Pederson wins face-off versus Glenn Gawdin in Texas Stars zone.
6:05 of 1st period - Slapshot by Jack Roslovic.
6:05 of 1st period - Stopped by Malcolm Subban with a rebound.
6:07 of 1st period - Slapshot by Jake Bischoff.
6:07 of 1st period - Shot Blocked by Francois Beauchemin.
6:09 of 1st period - Slapshot by Jake Bischoff.
6:09 of 1st period - Shot Blocked by Luke Johnson.
6:11 of 1st period - Wrist shot by Lane Pederson.
6:11 of 1st period - Stopped by Malcolm Subban with a rebound.
6:13 of 1st period - Slapshot by Jake Bischoff.
6:13 of 1st period - Deflect By Josh Currie.
6:13 of 1st period - Stopped by Malcolm Subban with a rebound.
6:15 of 1st period - Slapshot by Jake Bischoff.
6:15 of 1st period - Shot Blocked by Cale Fleury.
6:17 of 1st period - Snap shot by Jack Roslovic.
6:17 of 1st period - Shot Blocked by Francois Beauchemin.
6:19 of 1st period - Slapshot by Trevor Carrick.
6:19 of 1st period - Deflect By Josh Currie.
6:19 of 1st period - Stopped by Malcolm Subban with a rebound.
6:21 of 1st period - Wrist shot by Jack Roslovic.
6:21 of 1st period - Stopped by Malcolm Subban without a rebound.
6:22 of 1st period - Alan Quine wins face-off versus Vinni Lettieri in Texas Stars zone.
6:22 of 1st period - Alan Quine is hit by Lukas Radil.
6:36 of 1st period - Snap shot by Vinni Lettieri.
6:36 of 1st period - Deflect By Cal Foote.
6:36 of 1st period - Stopped by Malcolm Subban with a rebound.
6:48 of 1st period - Phil Varone is hit by Wiley Sherman and loses puck.
7:12 of 1st period - Off-side.
7:13 of 1st period - Gabriel Fontaine wins face-off versus Alan Quine in neutral zone.
8:03 of 1st period - Icing by Michael Dal Colle.
8:04 of 1st period - Vinni Lettieri wins face-off versus Alan Quine in Texas Stars zone.
8:57 of 1st period - Snap shot by Luke Johnson.
8:57 of 1st period - Stopped by Kaapo Kahkonen without a rebound.
8:58 of 1st period - Glenn Gawdin wins face-off versus Vinni Lettieri in Binghampton Senators zone.
8:59 of 1st period - Wrist shot by Phil Varone.
8:59 of 1st period - Stopped by Kaapo Kahkonen with a rebound.
9:12 of 1st period - Icing by Cal Foote.
9:13 of 1st period - Lane Pederson wins face-off versus Glenn Gawdin in Texas Stars zone.
9:16 of 1st period - Snap shot by Anthony Greco.
9:16 of 1st period - Stopped by Malcolm Subban with a rebound.
9:18 of 1st period - Wrist shot by Anthony Greco.
9:18 of 1st period - Stopped by Malcolm Subban with a rebound.
9:47 of 1st period - Wrist shot by Luke Witkowski.
9:47 of 1st period - Deflect By Luke Johnson.
9:47 of 1st period - Shot Misses the Net.
9:47 of 1st period - Puck is out of play.
9:48 of 1st period - Lane Pederson wins face-off versus Luke Johnson in Binghampton Senators zone.
10:27 of 1st period - Roland McKeown is hit by Alan Quine and loses puck.
10:37 of 1st period - Icing by Eric Robinson.
10:38 of 1st period - Vinni Lettieri wins face-off versus Luke Johnson in Binghampton Senators zone.
10:54 of 1st period - Off-side.
10:55 of 1st period - Alan Quine wins face-off versus Lane Pederson in neutral zone.
11:23 of 1st period - Snap shot by Gabriel Fontaine.
11:23 of 1st period - Shot Misses the Net.
11:25 of 1st period - Backhand shot by Justin Kirkland.
11:25 of 1st period - Shot Blocked by Colin Blackwell.
11:27 of 1st period - Snap shot by Trevor Carrick.
11:27 of 1st period - Shot Blocked by Ryan Murphy.
11:29 of 1st period - Snap shot by Jens Looke.
11:29 of 1st period - Shot Misses the Net.
11:31 of 1st period - Slapshot by Gabriel Fontaine.
11:31 of 1st period - Stopped by Malcolm Subban with a rebound.
11:52 of 1st period - Luke Witkowski is hit by Jonah Gadjovich and loses puck.
12:09 of 1st period - Snap shot by Eric Robinson.
12:09 of 1st period - Shot Blocked by Cal Foote.
12:33 of 1st period - Slapshot by Gabriel Fontaine.
12:33 of 1st period - Deflect By Jens Looke.
12:33 of 1st period - Stopped by Malcolm Subban without a rebound.
12:34 of 1st period - Lane Pederson wins face-off versus Luke Johnson in Texas Stars zone.
12:37 of 1st period - Wrist shot by Anthony Greco.
12:37 of 1st period - Shot Blocked by Cale Fleury.
12:50 of 1st period - Minor Penalty to Luke Johnson for Holding.
12:51 of 1st period - Lane Pederson wins face-off versus Alan Quine in Texas Stars zone.
14:50 of 1st period - Penalty to Luke Johnson is over, Luke Johnson is back on ice.
15:00 of 1st period - Jens Looke is hit by Josh Currie and loses puck.
16:00 of 1st period - Colin Blackwell is hit by Justin Kirkland and loses puck.
16:16 of 1st period - Off-side.
16:17 of 1st period - Gabriel Fontaine wins face-off versus Luke Johnson in neutral zone.
16:36 of 1st period - Laurent Dauphin is hit by Wiley Sherman and loses puck.
16:59 of 1st period - Colin Blackwell is hit by Wiley Sherman and loses puck.
17:48 of 1st period - Backhand shot by Lukas Radil.
17:48 of 1st period - Stopped by Malcolm Subban with a rebound.
18:15 of 1st period - Ryan Graves is hit by Cal Foote.
19:40 of 1st period - Anthony Greco is hit by Cale Fleury and loses puck.
19:49 of 1st period - Jordan Schmaltz is hit by Luke Witkowski and loses puck.
19:58 of 1st period - Trevor Carrick is hit by Luke Witkowski.
Goals for this period are 0 for Texas Stars vs 0 for Binghampton Senators.
Shots for this period are 2 for Texas Stars vs 12 for Binghampton Senators.

2nd period


0:01 of 2nd period - Lane Pederson wins face-off versus Colin Blackwell in neutral zone.
0:37 of 2nd period - Slapshot by Jack Roslovic.
0:37 of 2nd period - Shot Misses the Net.
0:39 of 2nd period - Slapshot by Ryan Graves.
0:39 of 2nd period - Deflect By Luke Witkowski.
0:39 of 2nd period - Stopped by Malcolm Subban without a rebound.
0:40 of 2nd period - Connor Brickley wins face-off versus Vinni Lettieri in Texas Stars zone.
2:05 of 2nd period - Minor Penalty to Alan Quine for Tripping.
2:06 of 2nd period - Lane Pederson wins face-off versus Luke Witkowski in Texas Stars zone.
2:12 of 2nd period - Snap shot by Anthony Greco.
2:12 of 2nd period - Goal by Anthony Greco - Texas Stars : 0 - Binghampton Senators : 1.
2:13 of 2nd period - Glenn Gawdin wins face-off versus Anthony Greco in neutral zone.
2:20 of 2nd period - Snap shot by Phil Varone.
2:20 of 2nd period - Deflect By Laurent Dauphin.
2:20 of 2nd period - Shot Misses the Net.
2:20 of 2nd period - Puck is out of play.
2:21 of 2nd period - Glenn Gawdin wins face-off versus Anthony Greco in Binghampton Senators zone.
2:22 of 2nd period - Wrist shot by Laurent Dauphin.
2:22 of 2nd period - Stopped by Kaapo Kahkonen with a rebound.
2:35 of 2nd period - Minor Penalty to Francois Beauchemin for Tripping.
2:36 of 2nd period - Lane Pederson wins face-off versus Alan Quine in Texas Stars zone.
2:50 of 2nd period - Snap shot by Lane Pederson.
2:50 of 2nd period - Goal by Lane Pederson - Texas Stars : 0 - Binghampton Senators : 2.
2:51 of 2nd period - Lane Pederson wins face-off versus Alan Quine in neutral zone.
2:54 of 2nd period - Colin Blackwell is hit by Lane Pederson and loses puck.
3:19 of 2nd period - Icing by Francois Beauchemin.
3:20 of 2nd period - Lukas Radil wins face-off versus Glenn Gawdin in Texas Stars zone.
3:38 of 2nd period - Wrist shot by Glenn Gawdin.
3:38 of 2nd period - Shot Blocked by Eric Robinson.
3:40 of 2nd period - Snap shot by Laurent Dauphin.
3:40 of 2nd period - Stopped by Kaapo Kahkonen with a rebound.
3:42 of 2nd period - Slapshot by Cal Foote.
3:42 of 2nd period - Deflect By Phil Varone.
3:42 of 2nd period - Goal by Phil Varone - Texas Stars : 1 - Binghampton Senators : 2.
3:43 of 2nd period - Connor Brickley wins face-off versus Lane Pederson in neutral zone.
3:53 of 2nd period - Off-side.
3:54 of 2nd period - Lane Pederson wins face-off versus Alan Quine in neutral zone.
3:57 of 2nd period - Wrist shot by Jack Roslovic.
3:57 of 2nd period - Stopped by Malcolm Subban without a rebound.
3:58 of 2nd period - Lane Pederson wins face-off versus Connor Brickley in Texas Stars zone.
4:05 of 2nd period - Alan Quine is hit by Lane Pederson and loses puck.
4:33 of 2nd period - Snap shot by Luke Johnson.
4:33 of 2nd period - Stopped by Kaapo Kahkonen without a rebound.
4:34 of 2nd period - Glenn Gawdin wins face-off versus Lane Pederson in Binghampton Senators zone.
4:49 of 2nd period - Wrist shot by Jack Roslovic.
4:49 of 2nd period - Shot Misses the Net.
4:59 of 2nd period - Trevor Carrick is hit by Alan Quine.
5:03 of 2nd period - Snap shot by Lukas Radil.
5:03 of 2nd period - Deflect By Eric Robinson.
5:03 of 2nd period - Stopped by Malcolm Subban with a rebound.
5:50 of 2nd period - Slapshot by Ryan Graves.
5:50 of 2nd period - Stopped by Malcolm Subban with a rebound.
5:52 of 2nd period - Wrist shot by Lane Pederson.
5:52 of 2nd period - Stopped by Malcolm Subban with a rebound.
6:12 of 2nd period - Snap shot by Alan Quine.
6:12 of 2nd period - Shot Blocked by Lukas Radil.
6:32 of 2nd period - Snap shot by Laurent Dauphin.
6:32 of 2nd period - Shot Blocked by Trevor Carrick.
6:46 of 2nd period - Snap shot by Gabriel Fontaine.
6:46 of 2nd period - Deflect By Anthony Greco.
6:46 of 2nd period - Shot Misses the Net.
6:46 of 2nd period - Puck is out of play.
6:47 of 2nd period - Luke Johnson wins face-off versus Brandon Gignac in Texas Stars zone.
6:57 of 2nd period - Snap shot by Anthony Greco.
6:57 of 2nd period - Stopped by Malcolm Subban with a rebound.
7:50 of 2nd period - Snap shot by Gabriel Fontaine.
7:50 of 2nd period - Stopped by Malcolm Subban with a rebound.
8:23 of 2nd period - Phil Varone is hit by Anthony Greco and loses puck.
8:38 of 2nd period - Lukas Radil is hit by Connor Brickley and loses puck.
9:21 of 2nd period - Cal Foote is hit by Jonah Gadjovich and loses puck.
9:47 of 2nd period - Icing by Joshua Jacobs.
9:48 of 2nd period - Luke Johnson wins face-off versus Vinni Lettieri in Texas Stars zone.
10:01 of 2nd period - Icing by Eric Robinson.
10:02 of 2nd period - Alan Quine wins face-off versus Vinni Lettieri in Binghampton Senators zone.
10:07 of 2nd period - Snap shot by Connor Brickley.
10:07 of 2nd period - Stopped by Kaapo Kahkonen without a rebound.
10:08 of 2nd period - Lane Pederson wins face-off versus Connor Brickley in Binghampton Senators zone.
10:52 of 2nd period - Gabriel Fontaine is hit by Glenn Gawdin and loses puck.
10:58 of 2nd period - Icing by Gabriel Fontaine.
10:59 of 2nd period - Gabriel Fontaine wins face-off versus Alan Quine in Binghampton Senators zone.
11:36 of 2nd period - Snap shot by Anthony Greco.
11:36 of 2nd period - Shot Misses the Net.
12:12 of 2nd period - Wrist shot by Anthony Greco.
12:12 of 2nd period - Shot Misses the Net.
12:14 of 2nd period - Snap shot by Anthony Greco.
12:14 of 2nd period - Stopped by Malcolm Subban without a rebound.
12:15 of 2nd period - Jonah Gadjovich wins face-off versus Alan Quine in Texas Stars zone.
12:16 of 2nd period - Wrist shot by Anthony Greco.
12:16 of 2nd period - Stopped by Malcolm Subban with a rebound.
12:26 of 2nd period - Wrist shot by Connor Brickley.
12:26 of 2nd period - Shot Misses the Net.
12:28 of 2nd period - Slapshot by Francois Beauchemin.
12:28 of 2nd period - Shot Misses the Net.
12:30 of 2nd period - Slapshot by Francois Beauchemin.
12:30 of 2nd period - Deflect By Colin Blackwell.
12:30 of 2nd period - Shot Misses the Net.
12:30 of 2nd period - Puck is out of play.
12:31 of 2nd period - Luke Johnson wins face-off versus Vinni Lettieri in Binghampton Senators zone.
12:34 of 2nd period - Snap shot by Josh Currie.
12:34 of 2nd period - Shot Blocked by Jake Bischoff.
12:44 of 2nd period - Snap shot by Lukas Radil.
12:44 of 2nd period - Shot Misses the Net.
13:04 of 2nd period - Wrist shot by Anthony Greco.
13:04 of 2nd period - Stopped by Malcolm Subban without a rebound.
13:05 of 2nd period - Lane Pederson wins face-off versus Alan Quine in Texas Stars zone.
13:11 of 2nd period - Off-side.
13:12 of 2nd period - Lane Pederson wins face-off versus Alan Quine in neutral zone.
13:33 of 2nd period - Snap shot by Jack Roslovic.
13:33 of 2nd period - Shot Misses the Net.
13:35 of 2nd period - Snap shot by Lane Pederson.
13:35 of 2nd period - Shot Misses the Net.
13:37 of 2nd period - Slapshot by Roland McKeown.
13:37 of 2nd period - Stopped by Malcolm Subban with a rebound.
13:39 of 2nd period - Snap shot by Lane Pederson.
13:39 of 2nd period - Deflect By Anthony Greco.
13:39 of 2nd period - Goal by Anthony Greco - Texas Stars : 1 - Binghampton Senators : 3.
13:40 of 2nd period - Lane Pederson wins face-off versus Alan Quine in neutral zone.
13:43 of 2nd period - Wrist shot by Jack Roslovic.
13:43 of 2nd period - Stopped by Malcolm Subban with a rebound.
13:45 of 2nd period - Snap shot by Anthony Greco.
13:45 of 2nd period - Stopped by Malcolm Subban without a rebound.
13:46 of 2nd period - Lane Pederson wins face-off versus Alan Quine in Texas Stars zone.
13:49 of 2nd period - Snap shot by Anthony Greco.
13:49 of 2nd period - Stopped by Malcolm Subban with a rebound.
13:51 of 2nd period - Snap shot by Ryan Graves.
13:51 of 2nd period - Deflect By Anthony Greco.
13:51 of 2nd period - Shot Misses the Net.
13:51 of 2nd period - Puck is out of play.
13:52 of 2nd period - Alan Quine wins face-off versus Lane Pederson in Texas Stars zone.
14:06 of 2nd period - Wrist shot by Connor Brickley.
14:06 of 2nd period - Shot Misses the Net.
14:08 of 2nd period - Slapshot by Cal Foote.
14:08 of 2nd period - Deflect By Lane Pederson.
14:08 of 2nd period - Stopped by Kaapo Kahkonen without a rebound.
14:09 of 2nd period - Vinni Lettieri wins face-off versus Luke Johnson in Binghampton Senators zone.
14:16 of 2nd period - Slapshot by Luke Johnson.
14:16 of 2nd period - Shot Blocked by Ryan Graves.
14:18 of 2nd period - Snap shot by Ryan Murphy.
14:18 of 2nd period - Deflect By Josh Currie.
14:18 of 2nd period - Shot Misses the Net.
14:18 of 2nd period - Puck is out of play.
14:19 of 2nd period - Luke Johnson wins face-off versus Vinni Lettieri in Binghampton Senators zone.
14:20 of 2nd period - Snap shot by Josh Currie.
14:20 of 2nd period - Stopped by Kaapo Kahkonen without a rebound.
14:21 of 2nd period - Anthony Greco wins face-off versus Alan Quine in Binghampton Senators zone.
14:21 of 2nd period - Anthony Greco is hit by Alan Quine.
14:47 of 2nd period - Cal Foote is hit by Vinni Lettieri and loses puck.
14:52 of 2nd period - Wrist shot by Vinni Lettieri.
14:52 of 2nd period - Stopped by Malcolm Subban with a rebound.
14:54 of 2nd period - Slapshot by Trevor Carrick.
14:54 of 2nd period - Stopped by Malcolm Subban with a rebound.
15:14 of 2nd period - Slapshot by Cal Foote.
15:14 of 2nd period - Stopped by Kaapo Kahkonen without a rebound.
15:15 of 2nd period - Laurent Dauphin wins face-off versus Gabriel Fontaine in Binghampton Senators zone.
15:16 of 2nd period - Snap shot by Phil Varone.
15:16 of 2nd period - Shot Misses the Net.
15:28 of 2nd period - Snap shot by Gabriel Fontaine.
15:28 of 2nd period - Stopped by Malcolm Subban with a rebound.
15:30 of 2nd period - Slapshot by Roland McKeown.
15:30 of 2nd period - Shot Blocked by Glenn Gawdin.
15:32 of 2nd period - Slapshot by Justin Kirkland.
15:32 of 2nd period - Shot Misses the Net.
15:34 of 2nd period - Snap shot by Gabriel Fontaine.
15:34 of 2nd period - Stopped by Malcolm Subban with a rebound.
15:36 of 2nd period - Slapshot by Ryan Graves.
15:36 of 2nd period - Shot Blocked by Laurent Dauphin.
15:38 of 2nd period - Wrist shot by Justin Kirkland.
15:38 of 2nd period - Stopped by Malcolm Subban without a rebound.
15:39 of 2nd period - Lane Pederson wins face-off versus Alan Quine in Texas Stars zone.
15:48 of 2nd period - Jack Roslovic is hit by Colin Blackwell and loses puck.
15:53 of 2nd period - Snap shot by Colin Blackwell.
15:53 of 2nd period - Shot Misses the Net.
15:55 of 2nd period - Backhand shot by Alan Quine.
15:55 of 2nd period - Stopped by Kaapo Kahkonen with a rebound.
16:15 of 2nd period - Snap shot by Vinni Lettieri.
16:15 of 2nd period - Stopped by Malcolm Subban with a rebound.
16:45 of 2nd period - Laurent Dauphin is hit by Anthony Greco and loses puck.
16:52 of 2nd period - Slapshot by Anthony Greco.
16:52 of 2nd period - Deflect By Brandon Gignac.
16:52 of 2nd period - Shot Misses the Net.
16:52 of 2nd period - Puck is out of play.
16:53 of 2nd period - Vinni Lettieri wins face-off versus Alan Quine in Texas Stars zone.
17:06 of 2nd period - Wrist shot by Colin Blackwell.
17:06 of 2nd period - Stopped by Kaapo Kahkonen with a rebound.
17:25 of 2nd period - Off-side.
17:26 of 2nd period - Anthony Greco wins face-off versus Luke Johnson in neutral zone.
17:31 of 2nd period - Snap shot by Jack Roslovic.
17:31 of 2nd period - Shot Misses the Net.
17:51 of 2nd period - Connor Brickley is hit by Gabriel Fontaine and loses puck.
17:56 of 2nd period - Snap shot by Gabriel Fontaine.
17:56 of 2nd period - Stopped by Malcolm Subban without a rebound.
17:57 of 2nd period - Lane Pederson wins face-off versus Alan Quine in Texas Stars zone.
18:00 of 2nd period - Wrist shot by Lane Pederson.
18:00 of 2nd period - Shot Blocked by Colin Blackwell.
18:10 of 2nd period - Slapshot by Ryan Murphy.
18:10 of 2nd period - Shot Misses the Net.
18:12 of 2nd period - Snap shot by Connor Brickley.
18:12 of 2nd period - Shot Misses the Net.
19:09 of 2nd period - Off-side.
19:10 of 2nd period - Alan Quine wins face-off versus Brandon Gignac in neutral zone.
19:35 of 2nd period - Slapshot by Luke Johnson.
19:35 of 2nd period - Shot Misses the Net.
19:37 of 2nd period - Wrist shot by Luke Johnson.
19:37 of 2nd period - Shot Misses the Net.
19:39 of 2nd period - Wrist shot by Luke Witkowski.
19:39 of 2nd period - Stopped by Kaapo Kahkonen with a rebound.
19:41 of 2nd period - Wrist shot by Josh Currie.
19:41 of 2nd period - Deflect By Lukas Radil.
19:41 of 2nd period - Shot Misses the Net.
19:41 of 2nd period - Puck is out of play.
19:42 of 2nd period - Lane Pederson wins face-off versus Glenn Gawdin in Binghampton Senators zone.
19:51 of 2nd period - Backhand shot by Jack Roslovic.
19:51 of 2nd period - Shot Blocked by Laurent Dauphin.
19:53 of 2nd period - Slapshot by Ryan Graves.
19:53 of 2nd period - Stopped by Malcolm Subban with a rebound.
19:55 of 2nd period - Slapshot by Roland McKeown.
19:55 of 2nd period - Deflect By Jack Roslovic.
19:55 of 2nd period - Goal by Jack Roslovic - Texas Stars : 1 - Binghampton Senators : 4.
19:56 of 2nd period - Lane Pederson wins face-off versus Alan Quine in neutral zone.
Goals for this period are 1 for Texas Stars vs 4 for Binghampton Senators.
Shots for this period are 11 for Texas Stars vs 26 for Binghampton Senators.

3rd period


0:01 of 3rd period - Alan Quine wins face-off versus Lane Pederson in neutral zone.
0:58 of 3rd period - Wrist shot by Michael Dal Colle.
0:58 of 3rd period - Stopped by Kaapo Kahkonen without a rebound.
0:59 of 3rd period - Luke Johnson wins face-off versus Lane Pederson in Binghampton Senators zone.
1:00 of 3rd period - Snap shot by Josh Currie.
1:00 of 3rd period - Stopped by Kaapo Kahkonen with a rebound.
1:12 of 3rd period - Wrist shot by Jack Roslovic.
1:12 of 3rd period - Stopped by Malcolm Subban with a rebound.
1:14 of 3rd period - Slapshot by Jordan Schmaltz.
1:14 of 3rd period - Stopped by Malcolm Subban without a rebound.
1:15 of 3rd period - Vinni Lettieri wins face-off versus Alan Quine in Texas Stars zone.
1:18 of 3rd period - Snap shot by Lukas Radil.
1:18 of 3rd period - Shot Misses the Net.
1:20 of 3rd period - Slapshot by Lukas Radil.
1:20 of 3rd period - Shot Misses the Net.
1:27 of 3rd period - Minor Penalty to Roland McKeown for Hooking.
1:28 of 3rd period - Anthony Greco wins face-off versus Connor Brickley in Binghampton Senators zone.
2:08 of 3rd period - Anthony Greco is hit by Cal Foote and loses puck.
2:48 of 3rd period - Colin Blackwell is hit by Ryan Graves and loses puck.
3:03 of 3rd period - Brandon Gignac is hit by Francois Beauchemin and loses puck.
3:27 of 3rd period - Penalty to Roland McKeown is over, Roland McKeown is back on ice.
3:34 of 3rd period - Gabriel Fontaine is hit by Glenn Gawdin and loses puck.
3:51 of 3rd period - Michael Dal Colle is hit by Eric Robinson and loses puck.
4:07 of 3rd period - Snap shot by Glenn Gawdin.
4:07 of 3rd period - Shot Misses the Net.
4:19 of 3rd period - Luke Johnson is hit by Roland McKeown and loses puck.
5:17 of 3rd period - Colin Blackwell is hit by Eric Robinson and loses puck.
5:24 of 3rd period - Snap shot by Vinni Lettieri.
5:24 of 3rd period - Shot Misses the Net.
5:26 of 3rd period - Snap shot by Eric Robinson.
5:26 of 3rd period - Shot Misses the Net.
5:36 of 3rd period - Luke Johnson is hit by Jordan Schmaltz and loses puck.
5:47 of 3rd period - Wrist shot by Luke Johnson.
5:47 of 3rd period - Shot Misses the Net.
5:53 of 3rd period - Snap shot by Phil Varone.
5:53 of 3rd period - Stopped by Kaapo Kahkonen without a rebound.
5:54 of 3rd period - Lane Pederson wins face-off versus Phil Varone in Binghampton Senators zone.
6:03 of 3rd period - Snap shot by Michael Dal Colle.
6:03 of 3rd period - Stopped by Kaapo Kahkonen with a rebound.
6:45 of 3rd period - Josh Currie is hit by Jens Looke and loses puck.
6:55 of 3rd period - Icing by Trevor Carrick.
6:56 of 3rd period - Lane Pederson wins face-off versus Glenn Gawdin in Binghampton Senators zone.
7:01 of 3rd period - Ryan Murphy is hit by Jack Roslovic and loses puck.
7:21 of 3rd period - Ryan Graves is hit by Connor Brickley and loses puck.
7:26 of 3rd period - Slapshot by Connor Brickley.
7:26 of 3rd period - Shot Blocked by Ryan Graves.
7:28 of 3rd period - Wrist shot by Connor Brickley.
7:28 of 3rd period - Shot Blocked by Ryan Graves.
7:30 of 3rd period - Snap shot by Connor Brickley.
7:30 of 3rd period - Shot Misses the Net.
7:48 of 3rd period - Snap shot by Gabriel Fontaine.
7:48 of 3rd period - Stopped by Malcolm Subban without a rebound.
7:49 of 3rd period - Lane Pederson wins face-off versus Alan Quine in Texas Stars zone.
8:14 of 3rd period - Francois Beauchemin is hit by Lukas Radil and loses puck.
8:19 of 3rd period - Snap shot by Lukas Radil.
8:19 of 3rd period - Shot Misses the Net.
8:54 of 3rd period - Wrist shot by Luke Witkowski.
8:54 of 3rd period - Shot Misses the Net.
8:56 of 3rd period - Wrist shot by Luke Johnson.
8:56 of 3rd period - Shot Misses the Net.
8:58 of 3rd period - Snap shot by Josh Currie.
8:58 of 3rd period - Shot Misses the Net.
9:00 of 3rd period - Slapshot by Cale Fleury.
9:00 of 3rd period - Deflect By Ryan Graves.
9:00 of 3rd period - Stopped by Kaapo Kahkonen with a rebound.
9:02 of 3rd period - Snap shot by Luke Witkowski.
9:02 of 3rd period - Stopped by Kaapo Kahkonen without a rebound.
9:03 of 3rd period - Lane Pederson wins face-off versus Alan Quine in Binghampton Senators zone.
9:30 of 3rd period - Ryan Murphy is hit by Trevor Carrick and loses puck.
10:19 of 3rd period - Wrist shot by Anthony Greco.
10:19 of 3rd period - Shot Misses the Net.
10:50 of 3rd period - Roland McKeown is hit by Tobias Lindberg and loses puck.
11:05 of 3rd period - Connor Brickley is hit by Brandon Gignac and loses puck.
11:48 of 3rd period - Wrist shot by Josh Currie.
11:48 of 3rd period - Stopped by Kaapo Kahkonen without a rebound.
11:49 of 3rd period - Gabriel Fontaine wins face-off versus Luke Johnson in Binghampton Senators zone.
11:58 of 3rd period - Slapshot by Josh Currie.
11:58 of 3rd period - Stopped by Kaapo Kahkonen with a rebound.
12:00 of 3rd period - Slapshot by Cale Fleury.
12:00 of 3rd period - Deflect By Luke Johnson.
12:00 of 3rd period - Shot Misses the Net.
12:00 of 3rd period - Puck is out of play.
12:01 of 3rd period - Lane Pederson wins face-off versus Alan Quine in Binghampton Senators zone.
12:01 of 3rd period - Lane Pederson is hit by Cale Fleury.
12:10 of 3rd period - Slapshot by Roland McKeown.
12:10 of 3rd period - Stopped by Malcolm Subban with a rebound.
12:12 of 3rd period - Wrist shot by Anthony Greco.
12:12 of 3rd period - Shot Blocked by Francois Beauchemin.
12:14 of 3rd period - Slapshot by Ryan Graves.
12:14 of 3rd period - Deflect By Jack Roslovic.
12:14 of 3rd period - Stopped by Malcolm Subban with a rebound.
12:16 of 3rd period - Snap shot by Lane Pederson.
12:16 of 3rd period - Stopped by Malcolm Subban without a rebound.
12:17 of 3rd period - Vinni Lettieri wins face-off versus Josh Currie in Texas Stars zone.
12:32 of 3rd period - Slapshot by Luke Johnson.
12:32 of 3rd period - Stopped by Kaapo Kahkonen without a rebound.
12:33 of 3rd period - Lane Pederson wins face-off versus Alan Quine in Binghampton Senators zone.
13:00 of 3rd period - Roland McKeown is hit by Glenn Gawdin and loses puck.
13:26 of 3rd period - Snap shot by Josh Currie.
13:26 of 3rd period - Stopped by Kaapo Kahkonen with a rebound.
13:28 of 3rd period - Slapshot by Luke Witkowski.
13:28 of 3rd period - Shot Misses the Net.
13:30 of 3rd period - Slapshot by Cale Fleury.
13:30 of 3rd period - Stopped by Kaapo Kahkonen with a rebound.
13:32 of 3rd period - Slapshot by Cale Fleury.
13:32 of 3rd period - Shot Misses the Net.
13:50 of 3rd period - Wrist shot by Alan Quine.
13:50 of 3rd period - Stopped by Kaapo Kahkonen with a rebound.
14:19 of 3rd period - Colin Blackwell is hit by Jake Bischoff and loses puck.
14:46 of 3rd period - Icing by Roland McKeown.
14:47 of 3rd period - Glenn Gawdin wins face-off versus Vinni Lettieri in Binghampton Senators zone.
14:48 of 3rd period - Snap shot by Phil Varone.
14:48 of 3rd period - Shot Misses the Net.
15:08 of 3rd period - Snap shot by Lukas Radil.
15:08 of 3rd period - Stopped by Malcolm Subban with a rebound.
15:10 of 3rd period - Snap shot by Vinni Lettieri.
15:10 of 3rd period - Shot Hit the Post.
15:12 of 3rd period - Wrist shot by Vinni Lettieri.
15:12 of 3rd period - Stopped by Malcolm Subban without a rebound.
15:13 of 3rd period - Alan Quine wins face-off versus Lane Pederson in Texas Stars zone.
15:13 of 3rd period - Alan Quine is hit by Anthony Greco.
15:14 of 3rd period - Alan Quine from Texas Stars is injured at 15:14 of 3rd period (Sore Right Knee).
15:15 of 3rd period - Spencer Smallman wins face-off versus Lane Pederson in Texas Stars zone.
15:24 of 3rd period - Snap shot by Colin Blackwell.
15:24 of 3rd period - Shot Blocked by Jack Roslovic.
15:26 of 3rd period - Slapshot by Cal Foote.
15:26 of 3rd period - Deflect By Connor Brickley.
15:26 of 3rd period - Shot Hit the Post.
15:26 of 3rd period - Puck is out of play.
15:27 of 3rd period - Spencer Smallman wins face-off versus Jack Roslovic in Binghampton Senators zone.
15:28 of 3rd period - Wrist shot by Connor Brickley.
15:28 of 3rd period - Shot Misses the Net.
15:34 of 3rd period - Spencer Smallman is hit by Lane Pederson.
15:38 of 3rd period - Wrist shot by Anthony Greco.
15:38 of 3rd period - Stopped by Malcolm Subban with a rebound.
15:40 of 3rd period - Slapshot by Ryan Graves.
15:40 of 3rd period - Shot Misses the Net.
15:42 of 3rd period - Slapshot by Roland McKeown.
15:42 of 3rd period - Stopped by Malcolm Subban with a rebound.
16:38 of 3rd period - Wrist shot by Phil Varone.
16:38 of 3rd period - Shot Misses the Net.
16:52 of 3rd period - Slapshot by Connor Brickley.
16:52 of 3rd period - Stopped by Kaapo Kahkonen without a rebound.
16:53 of 3rd period - Spencer Smallman wins face-off versus Anthony Greco in Binghampton Senators zone.
16:54 of 3rd period - Snap shot by Connor Brickley.
16:54 of 3rd period - Stopped by Kaapo Kahkonen with a rebound.
16:56 of 3rd period - Slapshot by Francois Beauchemin.
16:56 of 3rd period - Stopped by Kaapo Kahkonen without a rebound.
16:57 of 3rd period - Lane Pederson wins face-off versus Spencer Smallman in Binghampton Senators zone.
17:27 of 3rd period - Snap shot by Colin Blackwell.
17:27 of 3rd period - Shot Misses the Net.
19:26 of 3rd period - Wrist shot by Brandon Gignac.
19:26 of 3rd period - Stopped by Malcolm Subban without a rebound.
19:27 of 3rd period - Brandon Gignac wins face-off versus Phil Varone in Texas Stars zone.
Goals for this period are 0 for Texas Stars vs 0 for Binghampton Senators.
Shots for this period are 15 for Texas Stars vs 11 for Binghampton Senators.